 Dungeon Crawl Stone Soup version 0.28.0 (webtiles) character file.

Game seed: 13767337785269955237

1147 danielguo94 the Cudgeller (level 8, -3/48 HPs)
             Began as a Gargoyle Fighter on Feb 5, 2022.
             Was an Initiate of the Shining One.
             Slain by an ogre (19 damage)
             ... on level 6 of the Dungeon.
             The game lasted 00:08:22 (6240 turns).

danielguo94 the Cudgeller (Gargoyle Fighter)        Turns: 6240, Time: 00:08:22

Health: -3/48      AC: 15    Str: 23      XL:     8   Next: 38%
Magic:  8/8        EV:  9    Int:  8      God:    the Shining One [......]
Gold:   239        SH:  4    Dex:  8 (9)  Spells: 7/7 levels left

rFire   . . .      SeeInvis .   a - +0 flail
rCold   . . .      Faith    .   c - +0 buckler
rNeg    + . .      Spirit   .   b - +1 scale mail
rPois   ∞          Reflect  .   o - +0 helmet
rElec   +          Harm     .   (no cloak)
rCorr   .          Rampage  .   (no gloves)
Will    .....                   (no boots)
Stlth   ..........              (no amulet)
HPRegen 0.16/turn               (no ring)
MPRegen 0.11/turn               (no ring)

@: glowing
A: sickness immunity, AC +5, negative energy resistance 1, electricity
resistance, torment resistance 1, petrification resistance
a: Renounce Religion


You were on level 6 of the Dungeon.
You worshipped the Shining One.
The Shining One was noncommittal.
You visited 2 branches of the dungeon, and saw 7 of its levels.

You collected 263 gold pieces.
You spent 24 gold pieces at shops.

Inventory:

Hand Weapons
 a - a +0 flail (weapon)
Missiles
 e - 193 stones (quivered)
 l - 4 boomerangs
 m - 6 silver javelins
 p - a throwing net
 r - 4 poisoned darts
Armour
 b - a +1 scale mail (worn)
 c - a +0 buckler (worn)
 o - a +0 helmet (worn)
Jewellery
 v - an amulet of reflection
 x - a ring of resist corrosion
Scrolls
 f - 2 scrolls of enchant armour
 i - 2 scrolls of teleportation
 s - a scroll of amnesia {unknown}
 t - a scroll of immolation {unknown}
 u - a scroll of fog
 w - a scroll of silence {unknown}
 y - a scroll of vulnerability {unknown}
Potions
 d - a potion of might
 g - 3 potions of lignification
 h - 2 potions of flight
 j - a potion of attraction {unknown}
 k - a potion of heal wounds
 n - a potion of cancellation {unknown}
 q - a potion of ambrosia {unknown}


   Skills:
 + Level 4.7 Fighting
 * Level 7.7 Maces & Flails
 + Level 5.4 Armour
 + Level 1.4 Dodging
 + Level 4.4 Shields


You had 7 spell levels left.
You didn't know any spells.
Your spell library contained the following spells:

 Spells                   Type           Power      Damage    Failure   Level
 Animate Skeleton         Necr           0%         N/A       80%         1
 Apportation              Tloc           0%         N/A       80%         1
 Pain                     Necr           0%         1d4       80%         1
 Corpse Rot               Necr/Air       0%         N/A       90%         2
 Poisonous Vapours        Pois/Air       0%         N/A       90%         2
 Vampiric Draining        Necr           0%         2d6       99%         3
 Alistair's Intoxication  Tmut/Pois      0%         N/A       100%        5


Dungeon Overview and Level Annotations

Branches:
Dungeon (6/15)             Temple (1/1) D:6

Altars:
Ashenzari
Cheibriados
Dithmenos
Fedhas
Gozag
Hepliaklqana
Makhleb
Nemelex Xobeh
Okawaru
Qazlal
Ru
Sif Muna
Trog
Uskayaw
Vehumet
Wu Jian
Xom
The Shining One

Shops:
D:1 *:   D:6 *

Annotations:
D:6 Dowan, Duvessa


Innate Abilities, Weirdness & Mutations

You are immune to sickness and miasma.
Your stone body is resilient. (AC +5)
You are immune to poison.
You resist negative energy. (rN+)
You are resistant to electric shocks. (rElec)
You are resistant to unholy torment.
You are immune to petrification.


Message History

Unknown command.
You are too injured to fight recklessly!
Unknown command.
You are too injured to fight recklessly!
You are too injured to fight recklessly!
You are too injured to fight recklessly!
You are too injured to fight recklessly!
You miss Eustachio.
Eustachio is severely wounded.
Eustachio hits you but does no damage.
You hit Eustachio.
Eustachio is almost dead.
The white imp disappears in a puff of smoke!
Eustachio mumbles some strange words.
You closely miss Eustachio.
Eustachio is almost dead.
The quasit disappears in a puff of smoke!
Eustachio misses you.
You barely miss Eustachio.
Eustachio is almost dead.
Eustachio casts a spell.
You hit Eustachio but do no damage.
Eustachio is almost dead.
Eustachio hits you but does no damage. The white imp gestures at you.
The puff of frost misses you.
The puff of frost hits Eustachio!
Eustachio dies!
The quokka disappears in a puff of smoke!
The quasit disappears in a puff of smoke!
The white imp disappears in a puff of smoke!
Unknown command.
The centaur shoots an arrow.
You block the arrow.
The centaur shoots an arrow.
The arrow hits you!
* * * LOW HITPOINT WARNING * * *
The centaur shoots an arrow.
The arrow closely misses you.
The centaur shoots an arrow.
The arrow hits you.
The centaur shoots an arrow.
The arrow hits you but does no damage.
There is a stone staircase leading up here.
The ogre hits you with a +0 giant spiked club!!
You die...

#.# #.# #.# #.#
#.#####'#### #..........#
......
#####..........##......
#...............#......
#.###.........#'#......
#......c......#∩#......
#.....@O......###......
####.....##....##.........
#.....#####...####........
#.....#_###...# ##.>.....
#.....#'#'....# #.#'#...
#........###+######.#.####
############+#...........)
#......##..######
#......##..####


You could see an ogre and a centaur.

Vanquished Creatures
  A sky beast (D:6)
  2 ice beasts
  A necrophage (D:4)
  A bullfrog (D:5)
  A gnoll sergeant (D:4)
  A water moccasin zombie (D:5)
  A hound (D:4)
  2 jellies (D:5)
  2 orc priests
  An iguana (D:5)
  A bullfrog skeleton (D:4)
  A gnoll shaman (D:5)
  2 orc wizards (D:5)
  5 gnolls (D:3)
  7 adders
  An ufetubus (D:5)
  An adder zombie (D:5)
  A worm (D:2)
  17 orcs
  7 ball pythons
  9 endoplasms
  9 hobgoblins
  4 jackals (D:1)
  2 quokkas (D:2)
  4 bats
  A frilled lizard (D:2)
  4 goblins
  8 kobolds
  2 rats
  A spectral hobgoblin (D:1)
100 creatures vanquished.

Vanquished Creatures (others)
  Eustachio (D:6)
1 creature vanquished.

Grand Total: 101 creatures vanquished

Notes
Turn   | Place    | Note
-------+----------+-------------------------------------------
     0 | D:1      | danielguo94 the Gargoyle Fighter began the quest for the
                  | Orb.
     0 | D:1      | Reached XP level 1. HP: 14/14 MP: 1/1
   106 | D:1      | Reached XP level 2. HP: 18/19 MP: 2/2
   110 | D:1      | Found Lukkaim's Book Shoppe.
   197 | D:1      | Found a faded altar of an unknown god.
   256 | D:1      | Found Xaonaij's General Store.
   988 | D:2      | Reached XP level 3. HP: 23/23 MP: 3/3
  1279 | D:2      | Reached skill level 3 in Maces & Flails
  1291 | D:2      | Reached XP level 4. HP: 26/28 MP: 4/4
  2559 | D:4      | Reached skill level 4 in Maces & Flails
  2559 | D:4      | Reached XP level 5. HP: 26/33 MP: 5/5
  3537 | D:4      | Reached XP level 6. HP: 34/38 MP: 6/6
  3601 | D:4      | Reached skill level 5 in Maces & Flails
  3780 | D:4      | Noticed a necrophage
  3789 | D:4      | Killed a necrophage
  3979 | D:5      | Entered Level 5 of the Dungeon
  4106 | D:5      | Reached XP level 7. HP: 43/43 MP: 7/7
  4186 | D:5      | Reached skill level 6 in Maces & Flails
  4402 | D:5      | Found a radiant altar of Vehumet.
  4538 | D:5      | Found a snail-covered altar of Cheibriados.
  4718 | D:5      | Found a blossoming altar of Fedhas.
  4836 | D:5      | Reached skill level 1 in Dodging
  5139 | D:6      | Noticed Duvessa
  5277 | D:5      | HP: 2/44 [ice beast (14)]
  5285 | D:5      | Reached skill level 7 in Maces & Flails
  5285 | D:5      | Reached skill level 5 in Armour
  5285 | D:5      | Reached XP level 8. HP: 24/48 MP: 8/8
  5433 | D:6      | Found a staircase to the Ecumenical Temple.
  5466 | Temple   | Entered the Ecumenical Temple
  5680 | Temple   | Became a worshipper of the Shining One
  5721 | D:6      | HP: 2/48 [Duvessa (6)]
  5722 | D:6      | Noticed Dowan
  6097 | D:6      | Found Wageuss's General Store.
  6106 | D:6      | Found a sacrificial altar of Ru.
  6125 | D:6      | Bought a scroll of fog for 24 gold pieces
  6153 | D:6      | Noticed Eustachio
  6220 | D:6      | Killed Eustachio
  6240 | D:6      | Slain by an ogre

Illustrated notes

Levels and vault maps discovered:
D:1:      minmay_arrival_jagged, layout_basic,
          dreamdust_ecumenical_altar_drowned_temple, serial_shops, shop, shop
D:2:      layout_basic, chequers_serial_rivers_small_3,
          wad_floor_pattern_untrapped, hangedman_glass_teeth,
          guppyfry_early_orc_mine
D:3:      layout_loops_cross, chequers_arboretum
D:4:      minmay_door_path, layout_gridville
D:5:      layout_basic, mainiacjoe_overflow_alcove_4,
          mainiacjoe_overflow_boulevard, kennysheep_mini_moat,
          serial_bayou_pond_d, minmay_misc_feat_hallway
D:6:      layout_basic, kennysheep_mini, elyvilon_altar_5,
          minmay_temple_entry_grid, serial_shops, nicolae_shop_window_shopping,
          uniq_duvessa, uniq_eustachio, uniq_sigmund
Temple:   dpeg_chambers_temple

Skill      XL: |  1  2  3  4  5  6  7 |
---------------+----------------------+-----
Maces & Flails | 3 4 5 7 |  7.7
Armour         | 4 5 |  5.4
Fighting       | 4 |  4.7
Shields        | 4 |  4.4
Dodging        | 1 |  1.4

Action                   |  1- 3 |  4- 6 |  7- 9 || total
-------------------------+-------+-------+-------++-------
Melee: Flail             |    98 |   189 |   229 ||   516
  Use: Scroll            |       |     5 |     1 ||     6
       Potion            |       |       |     4 ||     4
Armor: Scale mail        |    39 |   122 |   164 ||   325
Dodge: Dodged            |    40 |   102 |   127 ||   269
Block: Buckler           |    26 |    48 |    54 ||   128
